 Dungeon Crawl Stone Soup version 0.27.1-2-g3b301248ec (webtiles) character file.

Game seed: 6802147324674971864

3 Descartes the Sneak (level 1, 0/9 HPs)
             Began as a Felid Wanderer on Oct 2, 2021.
             Frozen to death by an endoplasm (5 damage)
             ... on level 1 of the Dungeon.
             The game lasted 00:00:25 (287 turns).

Descartes the Sneak (Felid Wanderer)                 Turns: 287, Time: 00:00:26

Health: 0/9        AC:  1    Str:  8    XL:     1   Next: 41%
Magic:  4/4        EV: 16    Int: 12    God:
Gold:   0          SH:  0    Dex: 16    Spells: 4/4 levels left
                                        Lives:  0   Deaths: 0

rFire    . . .     SeeInvis +     - Unarmed
rCold    . . .     Faith    .   (shield unavailable)
rNeg     . . .     Spirit   .   (armour unavailable)
rPois    .         Reflect  .   (helmet unavailable)
rElec    .         Harm     .   (cloak unavailable)
rCorr    .         Rampage  .   (gloves unavailable)
Will     .....                  (boots unavailable)
Stlth    ++........             (no amulet)
HPRegen  0.03/turn              (no ring)
MPRegen  0.09/turn              (no ring)

@: quick
A: very small, claws 1, fangs 3, see invisible, speed 1, shaggy fur 1, stealthy
paws, no weapons or thrown items, no armour, multi-lived
a: no special abilities


You were on level 1 of the Dungeon.
You visited 1 branch of the dungeon, and saw 1 of its levels.

Inventory:

Scrolls
 c - a scroll of teleportation
 d - a scroll of noise {unknown}
Potions
 a - 2 potions of berserk rage
 b - a potion of curing


   Skills:
 - Level 1.0 Fighting
 + Level 1.6 Dodging
 + Level 2.9 Stealth
 + Level 1.1 Unarmed Combat
 - Level 2.0 Spellcasting
 - Level 1.7 Conjurations
 - Level 1.0 Poison Magic


You had 4 spell levels left.
You didn't know any spells.
Your spell library was empty.

Dungeon Overview and Level Annotations

Branches:
Dungeon (1/15)

Altars:


Innate Abilities, Weirdness & Mutations

You have sharp claws.
You have razor-sharp teeth.
You have supernaturally acute eyesight. (SInv)
You cover ground quickly. (Speed+)
You are covered in fur. (AC +1)
Your paws help you pounce on unaware monsters.
You are incapable of wielding weapons or throwing items.
You cannot wear armour.
You gain extra lives every three experience levels.


Message History

You scratch the kobold.
The kobold is moderately wounded.
The kobold closely misses you.
You closely miss the kobold.
The kobold is moderately wounded.
The kobold barely misses you.
You closely miss the kobold.
The kobold is moderately wounded.
The kobold misses you.
You barely miss the kobold.
The kobold is moderately wounded.
The kobold closely misses you.
You miss the kobold. Your bite misses the kobold. The kobold barely misses you.
You completely miss the kobold. You bite the kobold.
The kobold is moderately wounded.
The kobold hits you with a +0 club.
* * * LOW HITPOINT WARNING * * *
You scratch the kobold but do no damage.
The kobold is moderately wounded.
The kobold misses you.
You scratch the kobold.
You kill the kobold!
You scratch the endoplasm.
You kill the endoplasm!
Things that are here:
a +0 club; a kobold corpse HP restored.
The endoplasm quivers.
You scratch the endoplasm but do no damage.
The endoplasm freezes you.
You are frozen.
You scratch the endoplasm.
The endoplasm is heavily wounded.
The endoplasm barely misses you.
You scratch the endoplasm but do no damage.
The endoplasm is heavily wounded.
The endoplasm freezes you.
You are frozen.
Ouch! That really hurt!
You die...

#.... ♣ #..⌠. . #.######
###.... ..♣.♣....#
#.'.... .........#
#.#.... ..♣.♣....#
#)#..⌠.
.........#########.#....
...................#....
......J@...........#####
.##..##.÷.$#.##.........
# #...?..####...###.
.)......÷.## #####
..........# ♣...........
.##...##.^PP♣
#...##..♣♣♣ #... ##.P


You could see an endoplasm.

Vanquished Creatures
  An endoplasm (D:1)
  A kobold (D:1)
  2 rats (D:1)
4 creatures vanquished.

Notes
Turn   | Place    | Note
-------+----------+-------------------------------------------
     0 | D:1      | Descartes the Felid Wanderer began the quest for the Orb.
     0 | D:1      | Descartes set off with the following items: 2 potions of
                  | berserk rage, a potion of curing, a scroll of teleportation
     0 | D:1      | Reached XP level 1. HP: 9/9 MP: 4/4
   287 | D:1      | Frozen to death by an endoplasm

Illustrated notes

Levels and vault maps discovered:
D:1:      mushboom_english_gardens, layout_basic, serial_forest,
          infiniplex_forest_lined_room_3, infiniplex_forest_lined_corner,
          infiniplex_forest_corner_1, infiniplex_forest_clump_small,
          infiniplex_forest_straight_4, infiniplex_forest_straight_4,
          infiniplex_forest_lined_2, infiniplex_forest_clump_small,
          infiniplex_forest_split

Action                   || total
-------------------------++-------
Melee: Unarmed           ||    18
       Bite              ||     2
 Stab: Sleeping          ||     1
Dodge: Dodged            ||    11
